| TOP OF THE 1ST |
|
Oakland Athletics batting - Pitching for Cleveland Indians : RHP Justin Judson
|
|
Pitching: RHP Justin Judson
|
|
|
Batting: RHB Muneo Kawachi
|
0-0: Ball 1-0: Ball 2-0: Called Strike 2-1: Swinging Strike 2-2: Foul Ball, location: 2F 2-2: Foul Ball, location: 2F 2-2: DOUBLE (Line Drive, 3D, EV 96.2 MPH)
|
|
Batting: SHB Ryan Langlois
|
0-0: Called Strike 0-1: Called Strike 0-2: Ball 1-2: Strikes out swinging
|
|
Batting: LHB Sakae Kasahara
|
0-0: Ball 1-0: Foul Ball, location: 2F 1-1: SINGLE (Line Drive, 4D, EV 99.4 MPH) Muneo Kawachi to third Runner from 3rd tries for Home, SAFE, throw by RF to home Sakae Kasahara to second
|
|
Batting: LHB George Leary
|
0-0: Foul Ball, location: 2F 0-1: Called Strike 0-2: 2-RUN HOME RUN (Flyball, 9D, EV 95.6 MPH), Distance : 358 ft
|
|
Batting: RHB Philip Jansen
|
0-0: Ball 1-0: Ground out 4-3 (Groundball, 4, EV 85.0 MPH)
|
|
Batting: RHB Adam McGurn
|
0-0: Ground out 5-3 (Groundball, 56S, EV 90.0 MPH)
|
| Top of the 1st over - 3 runs, 3 hits, 0 errors, 0 left on base; Oakland 3 - Cleveland 0 |
| BOTTOM OF THE 1ST |
|
Cleveland Indians batting - Pitching for Oakland Athletics : RHP Mitsuo Kuriyama
|
|
Pitching: RHP Mitsuo Kuriyama
|
|
|
Batting: LHB Fernando Campos
|
0-0: SINGLE (Line Drive, 9S, EV 98.1 MPH)
|
|
Batting: LHB Kyle Schaible
|
0-0: Called Strike 0-1: Fly out, F9 (Flyball, 9, EV 96.2 MPH)
|
|
Batting: SHB Moe Lester
|
0-0: Ball 1-0: Called Strike 1-1: Ball 2-1: Swinging Strike 2-2: Strikes out swinging
|
|
Batting: SHB Merrick Geter
|
0-0: Called Strike Fernando Campos steals 2nd base 0-1: Foul Ball, location: 2F 0-2: Ball 1-2: Foul Ball, location: 2F 1-2: Ball 2-2: Foul Ball, location: 2F 2-2: Ball 3-2: Base on Balls
|
|
Batting: LHB Arvin Dungca
|
0-0: Ball 1-0: Ball 2-0: Called Strike 2-1: Ball 3-1: Base on Balls Fernando Campos to third Merrick Geter to second
|
|
Batting: RHB Paul Word
|
0-0: Fly out, F7 (Flyball, 7LM, EV 75.0 MPH)
|
| Bottom of the 1st over - 0 runs, 1 hit, 0 errors, 3 left on base; Oakland 3 - Cleveland 0 |
| TOP OF THE 2ND |
|
Oakland Athletics batting - Pitching for Cleveland Indians : RHP Justin Judson
|
|
Batting: RHB Danny Murillo
|
0-0: Ball 1-0: Ground out 1-3 (Groundball, 15S, EV 67.5 MPH)
|
|
Batting: RHB Justin McQuarter
|
0-0: Ball 1-0: Foul Ball, location: 2F 1-1: Foul Ball, location: 2F 1-2: SINGLE (Groundball, 4D, EV 98.8 MPH)
|
|
Batting: SHB Todd Hewitt
|
0-0: Ball 1-0: Called Strike 1-1: SINGLE (Flyball, 6MD, EV 95.6 MPH) Justin McQuarter to second
|
|
Batting: RHB Muneo Kawachi
|
0-0: Hit by Pitch Justin McQuarter to third Todd Hewitt to second
|
|
Batting: SHB Ryan Langlois
|
0-0: Ball 1-0: Ball 2-0: TRIPLE (Line Drive, 9LD, EV 100.6 MPH) Justin McQuarter scores Todd Hewitt scores Muneo Kawachi scores
|
|
Pitching: RHP Chris McCown
|
|
|
Batting: LHB Sakae Kasahara
|
0-0: Called Strike 0-1: Ball 1-1: Ball 2-1: Swinging Strike 2-2: 2-RUN HOME RUN (Flyball, 9LD, EV 93.1 MPH), Distance : 356 ft
|
|
Batting: LHB George Leary
|
0-0: Foul Ball, location: 2F 0-1: Ball 1-1: Ball 2-1: Ball 3-1: Ground out 4-3 (Groundball, 4, EV 105.6 MPH)
|
|
Batting: RHB Philip Jansen
|
0-0: Called Strike 0-1: DOUBLE (Line Drive, 9LD, EV 111.2 MPH)
|
|
Batting: RHB Adam McGurn
|
0-0: Ball 1-0: Foul Ball, location: 2F 1-1: Ball 2-1: Foul Ball, location: 2F 2-2: Foul Ball, location: 2F 2-2: Ball 3-2: Ground out 6-3 (Groundball, 56, EV 99.4 MPH)
|
| Top of the 2nd over - 5 runs, 5 hits, 0 errors, 1 left on base; Oakland 8 - Cleveland 0 |
| BOTTOM OF THE 2ND |
|
Cleveland Indians batting - Pitching for Oakland Athletics : RHP Mitsuo Kuriyama
|
|
Batting: LHB Hector Pedroso
|
0-0: Foul Ball, location: 2F 0-1: Ball 1-1: Called Strike 1-2: Ball 2-2: Ball 3-2: Base on Balls
|
|
Batting: SHB Dan Hill
|
0-0: Called Strike 0-1: Foul Ball, location: 2F 0-2: Strikes out looking
|
|
Batting: RHB C.J. Sagle
|
0-0: Ball 1-0: Ball 2-0: Called Strike 2-1: Ball 3-1: Base on Balls Hector Pedroso to second
|
|
Batting: LHB Fernando Campos
|
0-0: Ball 1-0: Foul Ball, location: 2F 1-1: Ball 2-1: Foul Ball, location: 2F 2-2: Ball 3-2: Foul Ball, location: 2F 3-2: Foul Ball, location: 2F 3-2: SINGLE (Line Drive, 89S, EV 100.0 MPH) Hector Pedroso to third C.J. Sagle to second Runner from 3rd tries for Home, throw by RF and OUT! 9-2
|
|
Batting: LHB Kyle Schaible
|
0-0: Called Strike 0-1: Swinging Strike 0-2: Strikes out swinging
|
| Bottom of the 2nd over - 0 runs, 1 hit, 0 errors, 2 left on base; Oakland 8 - Cleveland 0 |
| TOP OF THE 3RD |
|
Oakland Athletics batting - Pitching for Cleveland Indians : RHP Chris McCown
|
|
Batting: RHB Danny Murillo
|
0-0: Called Strike 0-1: Ball 1-1: Ball 2-1: Ball 3-1: Ground out 5-3 (Groundball, 56S, EV 80.6 MPH)
|
|
Batting: RHB Justin McQuarter
|
0-0: Ball 1-0: Ball 2-0: Swinging Strike 2-1: Fly out, F9 (Flyball, 9LD, EV 97.5 MPH)
|
|
Batting: SHB Todd Hewitt
|
0-0: Ball 1-0: Ball 2-0: Foul Ball, location: 2F 2-1: Foul Ball, location: 2F 2-2: Fly out, F7 (Flyball, 7S, EV 82.5 MPH)
|
| Top of the 3rd over - 0 runs, 0 hits, 0 errors, 0 left on base; Oakland 8 - Cleveland 0 |
| BOTTOM OF THE 3RD |
|
Cleveland Indians batting - Pitching for Oakland Athletics : RHP Mitsuo Kuriyama
|
|
Batting: SHB Moe Lester
|
0-0: Ball 1-0: Foul Ball, location: 2F 1-1: Ball 2-1: Swinging Strike 2-2: Ball 3-2: Ground out 6-3 (Groundball, 6M, EV 103.8 MPH)
|
|
Batting: SHB Merrick Geter
|
0-0: Swinging Strike 0-1: Foul Ball, location: 2F 0-2: Ball 1-2: SOLO HOME RUN (Line Drive, 78XD, EV 105.0 MPH), Distance : 401 ft
|
|
Batting: LHB Arvin Dungca
|
0-0: Ball 1-0: Ball 2-0: Foul Ball, location: 2F 2-1: Foul Ball, location: 2F 2-2: Foul Ball, location: 2F 2-2: Strikes out swinging
|
|
Batting: RHB Paul Word
|
0-0: Ball 1-0: Called Strike 1-1: Ball 2-1: Swinging Strike 2-2: Ball 3-2: SINGLE (Groundball, 34S, EV 70.0 MPH) (infield hit)
|
|
Batting: LHB Hector Pedroso
|
0-0: Ball 1-0: Swinging Strike 1-1: Swinging Strike 1-2: Ball 2-2: Ground out U3 (Groundball, 3, EV 93.1 MPH)
|
| Bottom of the 3rd over - 1 run, 2 hits, 0 errors, 1 left on base; Oakland 8 - Cleveland 1 |
| TOP OF THE 4TH |
|
Oakland Athletics batting - Pitching for Cleveland Indians : RHP Chris McCown
|
|
Batting: RHB Muneo Kawachi
|
0-0: Called Strike 0-1: Ball 1-1: Foul Ball, location: 2F 1-2: Ball 2-2: Foul Ball, location: 2F 2-2: Strikes out swinging
|
|
Batting: SHB Ryan Langlois
|
0-0: Ball 1-0: Foul Ball, location: 2F 1-1: SINGLE (Groundball, 6MD, EV 103.1 MPH)
|
|
Batting: LHB Sakae Kasahara
|
0-0: SINGLE (Line Drive, 9S, EV 110.6 MPH) Ryan Langlois to second
|
|
Batting: LHB George Leary
|
0-0: Called Strike 0-1: Ball 1-1: SINGLE (Groundball, 34D, EV 103.8 MPH) Ryan Langlois to third Sakae Kasahara to second Runner from 3rd tries for Home, SAFE, throw by RF to home
|
|
Batting: RHB Philip Jansen
|
0-0: Foul Ball, location: 2F 0-1: Fly out, F8 (Flyball, 78M, EV 90.6 MPH)
|
|
Batting: RHB Adam McGurn
|
0-0: Ball 1-0: Called Strike 1-1: Called Strike 1-2: Foul Ball, location: 2F 1-2: Foul Ball, location: 2F 1-2: Ball 2-2: Fielders Choice at 2nd, 6-4 (Groundball, 6, EV 85.6 MPH)
|
| Top of the 4th over - 1 run, 3 hits, 0 errors, 2 left on base; Oakland 9 - Cleveland 1 |
| BOTTOM OF THE 4TH |
|
Cleveland Indians batting - Pitching for Oakland Athletics : RHP Mitsuo Kuriyama
|
|
Batting: SHB Dan Hill
|
0-0: Fly out, F9 (Line Drive, 9, EV 103.1 MPH)
|
|
Batting: RHB C.J. Sagle
|
0-0: Ball 1-0: Ball 2-0: Ball 3-0: Base on Balls
|
|
Batting: LHB Fernando Campos
|
0-0: Ball 1-0: Ball 2-0: SINGLE (Flyball, 6D, EV 96.2 MPH) C.J. Sagle to second
|
|
Batting: LHB Kyle Schaible
|
0-0: Fly out, F9 (Flyball, 9D, EV 86.2 MPH) Runner from 2nd tags up, SAFE at 3rd, no throw by RF
|
|
Batting: SHB Moe Lester
|
0-0: Ball Fernando Campos steals 2nd base 1-0: SINGLE (Flyball, 3D, EV 96.9 MPH) C.J. Sagle scores Fernando Campos to third Runner from 3rd tries for Home, SAFE, throw by RF to home
|
|
Batting: SHB Merrick Geter
|
0-0: Ball 1-0: Called Strike 1-1: 2-RUN HOME RUN (Flyball, 9D, EV 91.9 MPH), Distance : 358 ft
|
|
Batting: LHB Arvin Dungca
|
0-0: Called Strike 0-1: Ball 1-1: Ball 2-1: Foul Ball, location: 2F 2-2: Ball 3-2: Base on Balls
|
|
Pitching: LHP Jamie Tanner
|
|
|
Batting: RHB Paul Word
|
0-0: Fly out, F8 (Line Drive, 8LM, EV 86.9 MPH)
|
| Bottom of the 4th over - 4 runs, 3 hits, 0 errors, 1 left on base; Oakland 9 - Cleveland 5 |
| TOP OF THE 5TH |
|
Oakland Athletics batting - Pitching for Cleveland Indians : RHP Chris McCown
|
|
Batting: RHB Danny Murillo
|
0-0: Called Strike 0-1: Ball 1-1: Ball 2-1: Swinging Strike 2-2: Ball 3-2: Base on Balls
|
|
Pitching: RHP Justin Finch
|
|
|
Batting: RHB Justin McQuarter
|
0-0: Ball 1-0: Fly out, F8 (Flyball, 8LD, EV 93.8 MPH)
|
|
Batting: SHB Todd Hewitt
|
0-0: Ball Danny Murillo steals 2nd base (no throw) 1-0: Ground out 5-3 (Groundball, 56, EV 80.6 MPH)
|
|
Batting: RHB Muneo Kawachi
|
0-0: Called Strike 0-1: Ball 1-1: Swinging Strike 1-2: Foul Ball, location: 2F 1-2: Ground out 4-3 (Groundball, 4, EV 100.6 MPH)
|
| Top of the 5th over - 0 runs, 0 hits, 0 errors, 1 left on base; Oakland 9 - Cleveland 5 |
| BOTTOM OF THE 5TH |
|
Cleveland Indians batting - Pitching for Oakland Athletics : LHP Jamie Tanner
|
|
Batting: LHB Hector Pedroso
|
0-0: Called Strike 0-1: Ball 1-1: Ground out 4-3 (Groundball, 4, EV 83.1 MPH)
|
|
Batting: SHB Dan Hill
|
0-0: Called Strike 0-1: Foul Ball, location: 2F 0-2: Foul Ball, location: 2F 0-2: Ball 1-2: SINGLE (Groundball, 6MS, EV 65.6 MPH) (infield hit)
|
|
Batting: RHB C.J. Sagle
|
0-0: Ball 1-0: Ball 2-0: Ball 3-0: Called Strike 3-1: SINGLE (Line Drive, 6MD, EV 98.1 MPH) Dan Hill to second Runner from 2nd tries for 3rd, SAFE, throw by CF made to third
|
|
Batting: LHB Fernando Campos
|
0-0: Called Strike 0-1: Ball 1-1: Foul Ball, location: 2F 1-2: SINGLE (Line Drive, 89S, EV 94.4 MPH) Dan Hill scores C.J. Sagle to second Runner from 2nd tries for 3rd, SAFE, throw by CF made to third
|
|
Batting: LHB Kyle Schaible
|
0-0: Called Strike 0-1: Ball 1-1: Fly out, F8 (Flyball, 8LXD, EV 83.1 MPH) Runner from 3rd tags up, SCORES, no throw by CF
|
|
Batting: SHB Moe Lester
|
0-0: Ball 1-0: Foul Ball, location: 2F 1-1: Ball 2-1: Ball 3-1: Foul Ball, location: 2F 3-2: Base on Balls Fernando Campos to second
|
|
Batting: SHB Merrick Geter
|
0-0: Foul Ball, location: 2F 0-1: Fly out, F8 (Line Drive, 8LM, EV 94.4 MPH)
|
| Bottom of the 5th over - 2 runs, 3 hits, 0 errors, 2 left on base; Oakland 9 - Cleveland 7 |
| TOP OF THE 6TH |
|
Oakland Athletics batting - Pitching for Cleveland Indians : RHP Justin Finch
|
|
Batting: SHB Ryan Langlois
|
0-0: Foul Ball, location: 2F 0-1: Ball 1-1: Fly out, F9 (Flyball, 9LM, EV 94.4 MPH)
|
|
Batting: LHB Sakae Kasahara
|
0-0: Called Strike 0-1: Fly out, F9 (Line Drive, 8RS, EV 101.9 MPH)
|
|
Now in LF: Ken Howard
|
|
|
Now in RF: Moe Lester
|
|
|
Batting: LHB George Leary
|
0-0: Ball 1-0: Fly out, F7 (Flyball, 7S, EV 85.6 MPH)
|
| Top of the 6th over - 0 runs, 0 hits, 0 errors, 0 left on base; Oakland 9 - Cleveland 7 |
| BOTTOM OF THE 6TH |
|
Cleveland Indians batting - Pitching for Oakland Athletics : LHP Jamie Tanner
|
|
Batting: LHB Arvin Dungca
|
0-0: Ball 1-0: Called Strike 1-1: Called Strike 1-2: Ball 2-2: Foul Ball, location: 2F 2-2: Ball 3-2: Foul Ball, location: 2F 3-2: Strikes out swinging
|
|
Batting: RHB Paul Word
|
0-0: Called Strike 0-1: Ball 1-1: Ground out 5-3 (Groundball, 56S, EV 84.4 MPH)
|
|
Batting: RHB Ken Howard
|
0-0: Ball 1-0: Ball 2-0: Fly out, F8 (Flyball, 8LS, EV 72.5 MPH)
|
| Bottom of the 6th over - 0 runs, 0 hits, 0 errors, 0 left on base; Oakland 9 - Cleveland 7 |
| TOP OF THE 7TH |
|
Oakland Athletics batting - Pitching for Cleveland Indians : RHP Justin Finch
|
|
Batting: RHB Philip Jansen
|
0-0: Called Strike 0-1: Swinging Strike 0-2: Ball 1-2: Strikes out swinging
|
|
Batting: RHB Adam McGurn
|
0-0: Foul Ball, location: 2F 0-1: Swinging Strike 0-2: Fly out, F8 (Line Drive, 8LD, EV 86.2 MPH)
|
|
Batting: RHB Danny Murillo
|
0-0: Called Strike 0-1: Ball 1-1: Ball 2-1: Called Strike 2-2: Ground out 6-3 (Groundball, 6S, EV 89.4 MPH)
|
| Top of the 7th over - 0 runs, 0 hits, 0 errors, 0 left on base; Oakland 9 - Cleveland 7 |
| BOTTOM OF THE 7TH |
|
Cleveland Indians batting - Pitching for Oakland Athletics : LHP Jamie Tanner
|
|
Pitching: RHP Mike Chapman
|
|
|
Batting: SHB Dan Hill
|
0-0: Ball 1-0: Ground out 4-3 (Groundball, 4, EV 85.0 MPH)
|
|
Batting: RHB C.J. Sagle
|
0-0: Ball 1-0: Fly out, F8 (Flyball, 78XD, EV 98.1 MPH)
|
|
Batting: LHB Fernando Campos
|
0-0: Called Strike 0-1: Ball 1-1: Foul Ball, location: 2F 1-2: Strikes out swinging, 2-3 out at first.
|
| Bottom of the 7th over - 0 runs, 0 hits, 0 errors, 0 left on base; Oakland 9 - Cleveland 7 |
| TOP OF THE 8TH |
|
Oakland Athletics batting - Pitching for Cleveland Indians : RHP Justin Finch
|
|
Pitching: RHP Dan Korte
|
|
|
Batting: RHB Justin McQuarter
|
0-0: Ball 1-0: SINGLE (Flyball, 56D, EV 90.6 MPH)
|
|
Batting: SHB Todd Hewitt
|
0-0: Called Strike 0-1: Ball 1-1: Called Strike 1-2: Ball 2-2: Strikes out swinging
|
|
Batting: RHB Muneo Kawachi
|
0-0: Ball 1-0: Ball 2-0: Fly out, F7 (Flyball, 7, EV 87.5 MPH)
|
|
Batting: SHB Ryan Langlois
|
0-0: Ball 1-0: Foul Ball, location: 2F 1-1: Ball 2-1: Ball 3-1: Called Strike 3-2: Base on Balls Justin McQuarter to second
|
|
Batting: LHB Sakae Kasahara
|
0-0: Ball 1-0: Called Strike 1-1: Foul Ball, location: 2F 1-2: Strikes out swinging
|
| Top of the 8th over - 0 runs, 1 hit, 0 errors, 2 left on base; Oakland 9 - Cleveland 7 |
| BOTTOM OF THE 8TH |
|
Cleveland Indians batting - Pitching for Oakland Athletics : RHP Mike Chapman
|
|
Batting: LHB Kyle Schaible
|
0-0: Ball 1-0: Ball 2-0: Ball 3-0: Called Strike 3-1: Swinging Strike 3-2: Base on Balls
|
|
Batting: SHB Moe Lester
|
0-0: Called Strike 0-1: Ball 1-1: Ball 2-1: SINGLE (Groundball, 3D, EV 100.6 MPH) Kyle Schaible to second Runner from 2nd tries for 3rd, SAFE, throw by RF made at trailing runner, OUT! 9-6
|
|
Batting: SHB Merrick Geter
|
0-0: Ball 1-0: Ball 2-0: Ball 3-0: Called Strike 3-1: Base on Balls
|
|
Batting: LHB Arvin Dungca
|
0-0: Ball 1-0: Ball 2-0: Foul Ball, location: 2F 2-1: Foul Ball, location: 2F 2-2: Foul Ball, location: 2F 2-2: Ball 3-2: SINGLE (Groundball, 56D, EV 97.5 MPH) Kyle Schaible scores Merrick Geter to second
|
|
Batting: RHB Paul Word
|
0-0: Ball 1-0: Ball 2-0: Ball 3-0: Called Strike 3-1: Base on Balls Merrick Geter to third Arvin Dungca to second
|
|
Batting: RHB Ken Howard
|
0-0: Called Strike 0-1: Ball 1-1: Ball 2-1: Ball 3-1: Base on Balls Merrick Geter scores Arvin Dungca to third Paul Word to second
|
|
Batting: SHB Dan Hill
|
0-0: Foul Ball, location: 2F 0-1: Ball 1-1: Grounds into fielders choice 4-2 (Groundball, 4MS, EV 83.8 MPH) Paul Word to third Ken Howard to second
|
|
Batting: RHB C.J. Sagle
|
0-0: Ball 1-0: DOUBLE (Groundball, 5L, EV 101.2 MPH) Paul Word scores Ken Howard scores Dan Hill to third Runner from 3rd tries for Home, SAFE, no throw by LF
|
|
Pitching: RHP Danny Nsoah
|
|
|
Batting: LHB Fernando Campos
|
0-0: Ball 1-0: Swinging Strike 1-1: Ball 2-1: Ball 3-1: Ground out 4-3 (Groundball, 4, EV 100.6 MPH)
|
| Bottom of the 8th over - 5 runs, 3 hits, 0 errors, 1 left on base; Oakland 9 - Cleveland 12 |
| TOP OF THE 9TH |
|
Oakland Athletics batting - Pitching for Cleveland Indians : RHP Dan Korte
|
|
Pitching: RHP Hector Guerrero
|
|
|
Batting: LHB George Leary
|
0-0: Called Strike 0-1: Ball 1-1: Ball 2-1: Foul Ball, location: 2F 2-2: Ground out U3 (Groundball, 34, EV 83.1 MPH)
|
|
Pinch Hitting: LHB Nate Dean
|
0-0: Called Strike 0-1: Ball 1-1: Ball 2-1: Foul Ball, location: 2F 2-2: Strikes out swinging
|
|
Batting: RHB Adam McGurn
|
0-0: Called Strike 0-1: Ball 1-1: Called Strike 1-2: Foul Ball, location: 2F 1-2: Ball 2-2: DOUBLE (Line Drive, 89M, EV 111.2 MPH)
|
|
Batting: RHB Danny Murillo
|
0-0: Ball 1-0: SINGLE (Groundball, 6MD, EV 101.9 MPH) Adam McGurn to third
|
|
Batting: RHB Justin McQuarter
|
0-0: Called Strike 0-1: Swinging Strike 0-2: Ball 1-2: Ball 2-2: Fielders Choice at 2nd, 5-4 (Groundball, 56, EV 84.4 MPH)
|
| Top of the 9th over - 0 runs, 2 hits, 0 errors, 2 left on base; Oakland 9 - Cleveland 12 |
|